Workbook
Name ISS: #REF!
Name PageMaker: #REF!

Sheet Resumo Posto
A5: RESUMO - PLANILHA DE CUSTOS E FORMAÇÃO DE PREÇOS
A7: Tipo de serviço (A) | B7: Jornada de trabalho | C7: Valor Estimado por empregado (B) | D7: Qtde de empregados por posto(C ) | E7: Valor Estimado por posto (D) = (B x C)* | F7: Qtde de postos (E) | G7: Valor total do serviço mensal (F) = (D x E) | H7: Valor total do serviço p/12 meses: (G) = (Fx12)
A8: Auxiliar de Serviços de Copa - Copeiro | B8: 8hs/dia | C8: =COPEIRO!E136 -> 5631.8823 | D8: 1 | E8: =C8*D8 -> 5631.8823 | F8: 1 | G8: =E8*F8 -> 5631.8823 | H8: =G8*12 -> 67582.587

Sheet Resumo Valor
B2: Processo nº 59512.000474/2026-71
B3: Objeto:prestação de serviços continuados de copeiragem, em regime de dedicação exclusiva de mão de obra, com fornecimento de uniformes, equipamentos de proteção individual – EPIs e equipamento operacional necessários à execução dos serviços a serem realizados nas dependências da 13ª Superintendência Regional da Codevasf, em João Pessoa/PB.
B5: ITEM | C5: DISCRIMINAÇÃO | D5: UNIDADE | E5: Nº DE MESES | F5: Nº DE POSTOS/MÊS | G5: QUANT. | H5: CUSTO UNITARIO MENSAL | I5: CUSTO UNITARIO ANUAL
B7: 1 | C7: Auxiliar de Serviços de Copa - Copeiro | D7: posto/mês | E7: 12 | F7: 1 | G7: =E7*F7 -> 12 | H7: ='Resumo Posto'!G8 -> 5631.8823 | I7: =G7*H7 -> 67582.587
B8: TOTAL GERAL: | I8: =I7 -> 67582.587

Sheet Resumo Qtd
B6: ITEM | C6: DISCRIMINAÇÃO | D6: UNIDADE | E6: Nº DE MESES | F6: Nº DE POSTOS/MÊS
B8: 1 | C8: Auxiliar de Serviços de Copa - Copeiro | D8: posto/mês | E8: 12 | F8: ='Resumo Posto'!F8 -> 1

Sheet COPEIRO
A8: PLANILHA DE CUSTOS E FORMAÇÃO DE PREÇOS
A9: Processo Nº 59512.000474/2026-71
A10: Pregão Eletrônico nº
A12: DISCRIMINAÇÃO DOS SERVIÇOS (dados referentes à contratação)
A13: A | B13: Data de Apresentação da Proposta
A14: B | B14: Municipio/UF | D14: João Pessoa/PB
A15: C | B15: Ano Acordo, Convenção ou Dissidio Coletivo | D15: 2026 - PB000032/2026 - SINTEGxSEAC
A16: D | B16: Nº de meses de execução contratual | D16: 12 (doze) meses
A18: Identificação do Serviço
A19: Tipo de serviço | C19: Unidade de Medida | D19: Quantidade total a contratar
A20: Auxiliar de Serviços de Copa - Copeiro | C20: Posto de serviço | D20: 1
A22: MÃO-DE-OBRA VINCULADA À EXECUÇÃO CONTRATUAL
A23: DADOS COMPLEMENTARES PARA COMPOSIÇÃO DOS CUSTOS REFERENTE Á MÃO-DE-OBRA
A24: 1 | B24: Tipo de serviço | D24: SERVIÇOS DE COPEIRAGEM
A25: 2 | B25: Classificação Brasileira de Ocupações | D25: 5134-25
A26: 3 | B26: Salário proposto para contratação | D26: 1759.73
A27: 4 | B27: Salário normativo da categoria profissional ( CCT) | D27: 1631.5
A28: 5 | B28: Categoria profissional (vinculada à execução contratual) | D28: Copeiro
A29: 6 | B29: Data base da categoria (dia/mês/ano) | D29: 46023
A30: 6 | B30: Carga Horária | D30: 40 horas/semanais
A32: MÓDULO 1 : COMPOSIÇÃO DA REMUNERAÇÃO
A33: 1 | B33: Remuneração | D33: % | E33: Valor (R$)
A34: A | B34: Salário Base (pesquisa salarial regional João Pessoa/PB – Portal Salário/CAGED) | E34: =D26 -> 1759.73
A35: B | B35: Adicional de Insalubridade | D35: 0 | E35: 0
A36: TOTAL DO MÓDULO 1 | E36: =SUM(E34:E35) -> 1759.73
A38: MÓDULO 2: ENCARGOS, BENEFÍCIOS ANUAIS, MENSAIS E DIÁRIOS
A39: SUBMÓDULO 2.1 - 13º SALÁRIO, FÉRIAS E ADICIONAL DE FÉRIAS
A40: 2.1 | B40: 13º salário e adicional de férias | D40: % | E40: Valor (R$)
A41: A | B41: 13º (décimo terceiro) Salário | D41: 0.0833 | E41: =D41*E36 -> 146.58551
A42: B | B42: Férias + Adicional de Férias | D42: 0.121 | E42: =D42*E36 -> 212.92733
A43: TOTAL DO SUBMÓDULO 2.1 | D43: =D41+D42 -> 0.2043 | E43: =SUM(E41:E42) -> 359.51284
A45: SUBMÓDULO 2.2 - ENCARGOS PREVIDENCIÁRIOS, FGTS
A46: 2.2 | B46: Encargos previdenciários e FGTS | D46: % | E46: Valor (R$)
A47: A | B47: INSS | D47: 0.2 | E47: =($E$36+$E$43)*D47 -> 423.84857
A48: B | B48: Salário Educação | D48: 0.025 | E48: =($E$36+$E$43)*D48 -> 52.981071
A49: C | B49: SAT - Riscos Ambientais de Trabalho (RAT X FAP ) | D49: 0.03 | E49: =($E$36+$E$43)*D49 -> 63.577285
A50: D | B50: SESC/SESI | D50: 0.015 | E50: =($E$36+$E$43)*D50 -> 31.788643
A51: E | B51: SENAC/SENAI | D51: 0.01 | E51: =($E$36+$E$43)*D51 -> 21.192428
A52: F | B52: SEBRAE | D52: 0.006 | E52: =($E$36+$E$43)*D52 -> 12.715457
A53: G | B53: INCRA | D53: 0.002 | E53: =($E$36+$E$43)*D53 -> 4.2384857
A54: H | B54: FGTS | D54: 0.08 | E54: =($E$36+$E$43)*D54 -> 169.53943
A55: TOTAL DO SUBMÓDULO 2.2 | D55: =SUM(D47:D54) -> 0.368 | E55: =SUM(E47:E54) -> 779.88136
A57: SUBMÓDULO 2.3 -BENEFÍCIOS MENSAIS E DIÁRIOS
A58: 2.3 | B58: Benefícios | E58: Valor (R$)
A59: A | B59: Vale Transporte | D59: 5.45 | E59: =IF((5.45*2*22)-(6%*E34)>0, (5.45*2*22)-(6%*E34),0) -> 134.2162
A60: B | B60: Vale Alimentação/Refeição | D60: 660 | E60: 660
A61: C | B61: Seguro de Vida | D61: CCT | E61: 10.85
A62: D | B62: Auxilio Funeral | D62: CCT | E62: 6.00
A63: E | B63: Plano odontologico | D63: CCT | E63: 25
A64: F | B64: Programa de assistência e cuidado pessoal | D64: CCT | E64: 60
A65: TOTAL DO SUBMÓDULO 2.3 | E65: =SUM(E59:E64) -> 890.0662
A68: QUADRO RESUMO DO MÓDULO 2 - ENCARGOS E BENEFÍCIOS ANUAIS, MENSAIS E DIÁRIOS
B69: Encargos e benefícios anuais, mensis e diários | D69: % | E69: Valor (R$)
A70: 2.1 | B70: 13º Salário, Férias e Adicional de Férias | D70: =D43 -> 0.2043 | E70: =E43 -> 359.51284
A71: 2.2 | B71: GPS, FGTS e outras contribuições | D71: =D55 -> 0.368 | E71: =E55 -> 779.88136
A72: 2.3 | B72: Benefícios Mensais e Diários | D72: 0 | E72: =E65 -> 890.0662
A73: VALOR TOTAL DO MÓDULO 2 | D73: =SUM(D70:D72) -> 0.5723 | E73: =SUM(E70:E72) -> 2029.4604
A75: MÓDULO 3: PROVISÃO PARA RESCISÃO
A76: MÓDULO 3: PROVISÃO PARA RESCISÃO
A77: 3 | B77: Provisão para rescisão | D77: % | E77: Valor (R$)
A78: A | B78: Aviso prévio indenizado (acrescido de 3 dias do primeiro ano e 3 dias a cada ano de aviso prévio proporcional, totalizando 45 dias) - percentual relativo a composição de 60 meses "=(((1/30)*45)/60)*5%" | D78: 0.0281 | E78: =D78*$E$36 -> 49.448413
A79: B | B79: Incidência do FGTS sobre aviso prévio indenizado | D79: =D54*D78 -> 0.002248 | E79: =D54*E78 -> 3.955873
A80: C | B80: Multa do FGTS e contribuição social sobre o Aviso Prévio Indenizado | D80: 0.004 | E80: =($E$36)*D80 -> 7.03892
A81: D | B81: Aviso prévio trabalhado. Redução de 7 dias ou 2 horas por dia (acrescido de 3 dias do primeiro ano e 3 dias a cada ano de aviso prévio proporcional, totalizando 22 dias) - percentual relativo a composição de 60 meses "=(22/30)/60" | D81: 0.0194 | E81: =D81*$E$36 -> 34.138762
A82: E | B82: Incidência dos encargos do submódulo 2.2 sobre o Aviso Prévio Trabalhado | D82: =D55*D81 -> 0.0071392 | E82: =D55*E81 -> 12.563064
A83: F | B83: Multa do FGTS sobre aviso prévio trabalhado e indenizado | D83: 0.05 | E83: =D83*$E$36 -> 87.9865
A84: TOTAL DO MÓDULO 3 | D84: =SUM(D78:D83) -> 0.1108872 | E84: =SUM(E78:E83) -> 195.13153
A86: MÓDULO 4: CUSTO DE REPOSIÇÃO DO PROFISSIONAL AUSENTE
A87: SUBMÓDULO 4.1 - AUSÊNCIAS LEGAIS
A88: Base de Cálculo - Exceto Férias: (Módulo 1+Submódulo 2.1+Submódulo 2.2+Multa do FGTS) | E88: =(E36+E43+E55+E83) -> 2987.1107
A89: 4.1 | B89: Ausências Legais | D89: % | E89: Valor (R$)
A90: A | B90: Férias (Custos com 13º, férias e 1/3 de férias do substituto) | D90: 0.0303 | E90: =D90*(E36+E55) -> 76.950224
A91: B | B91: Ausências Legais | D91: 0.0193 | E91: =D91*$E$88 -> 57.651237
A92: C | B92: Licença paternidade | D92: 0.0092 | E92: =D92*$E$88 -> 27.481418
A93: D | B93: Ausência por Acidente de trabalho | D93: 0.0098 | E93: =D93*$E$88 -> 29.273685
A94: E | B94: Afastamento Maternidade | D94: 0.0075 | E94: =D94*$E$88 -> 22.40333
A95: F | B95: Outros (Ausência por doença) | D95: 0.0193 | E95: =D95*$E$36 -> 33.962789
A96: TOTAL DO SUBMÓDULO 4.1 | D96: =SUM(D90:D95) -> 0.0954 | E96: =SUM(E90:E95) -> 247.72268
A98: SUBMÓDULO 4.2 - INTRAJORNADA
A99: 4.2 | B99: Intrajornada | D99: % | E99: Valor (R$)
A100: A | B100: Intervalo para repouso ou alimentação | D100: 0 | E100: =(E36+E73+E84)/220*1*15*D100 -> 0
A101: TOTAL DO SUBMÓDULO 4.2 | E101: =E100 -> 0
A103: QUADRO RESUMO DO MÓDULO 4 - CUSTO DE REPOSIÇÃO DO PROFISSIONAL AUSENTE
B104: Custo de reposição do profissional ausente | D104: % | E104: Valor (R$)
A105: 4.1 | B105: Ausências Legais | D105: =D96 -> 0.0954 | E105: =E96 -> 247.72268
A106: 4.2 | B106: Intrajornada | D106: 0 | E106: =E101 -> 0
A107: TOTAL DO MÓDULO 4 | D107: =SUM(D105:D106) -> 0.0954 | E107: =E105+E106 -> 247.72268
A108: MÓDULO 5: INSUMOS DIVERSOS
A109: MÓDULO 5: INSUMOS DIVERSOS
A110: 5 | B110: INSUMOS DIVERSOS | E110: Valor (R$)
A111: A | B111: Uniformes | E111: ='Uniformes - 13ª SR'!F12 -> 71.755
A112: B | B112: EPIs | E112: =' EPIs - 13ª SR'!F12 -> 20.179167
A113: B | B113: Equipamentos - amortização( mensal) | E113: ='EQUIPAMENTOS - 13ªSR'!C19 -> 15.05
A114: TOTAL DOS INSUMOS DIVERSOS | E114: =SUM(E111:E113) -> 106.98417
E115: =D73+D84+D107 -> 0.7785872
A116: MÓDULO 6: CUSTOS INDIRETOS, TRIBUTOS E LUCRO
A117: MÓDULO 6: CUSTOS INDIRETOS, TRIBUTOS E LUCRO
A118: 6 | B118: Custos Indiretos | D118: % | E118: Valor (R$)
A119: A | B119: CUSTOS INDIRETOS | D119: 0.05 | E119: =D119*E134 -> 216.95144
A120: B | B120: LUCRO | D120: 0.06 | E120: =D120*(E119+E134) -> 273.35881
...

Sheet Uniformes - 13ª SR
A5: UNIFORME - AUXILIAR DE SERVIÇOS DE COPA - COPEIRO(A)
A6: Nrº | B6: Item | C6: Unidade | D6: Quantidade Anual | E6: Custo unitário ( mediana) | F6: Total
A7: 1 | B7: Calça em Material: Oxford , Modelo: Social , Tipo Bolso: Dianteiro Tipo Faca , Tamanho: Sob Medida , Cor: Preta , Quantidade Bolsos: 2 Dianteiros , Aplicação: Uniforme | C7: unidade | D7: 4 | E7: 74 | F7: =D7*E7 -> 296
A8: 2 | B8: Camisa tipo Jaleco em Material Oxford , Curta , com Manga Curta , Quantidade Botões com 5 unidades,com duas unidades de bolsos inferiores, Tamanho: Sob Medida , Cor: Variada , Tipo de Gola Em "V" , Posição Bolsos: Frontais Inferiores , Tipo Abertura: Frontalcom Logomarca da empresa CONTRATADA. | C8: unidade | D8: 4 | E8: 38 | F8: =D8*E8 -> 152
A9: 3 | B9: Sapato de microfibra de alta resistência com sola de poliuretano BI densidade, cano curto , com forro e solado antiderrapante, sob medida e cor a definir. | C9: par | D9: 2 | E9: 178.55 | F9: =D9*E9 -> 357.1
A10: 4 | B10: Meia Vestuário na Cor a definir e Tamanho: Sob Medida. | C10: par | D10: 8 | E10: 6.995 | F10: =D10*E10 -> 55.96
A11: Total (12 meses) | F11: =SUM(F7:F10) -> 861.06
A12: Total Mensal | F12: =F11/12 -> 71.755

Sheet  EPIs - 13ª SR
A6: EPIs - 13ª SR - Auxiliar de Serviços de Copa - Copeiro
A7: EQUIPAMENTOS DE PROTEÇÃO INDIVIDUAL – EPIs | C7: Unidade | D7: Qtd. Anual estimada | E7: Valor Unitário (mediana) | F7: Valor Final
A8: 1 | B8: Avental Material: Courvim, Branca , com Tiras De Amarrar Fixas, com logo marca da empresa da empresa contratada | C8: Unid | D8: 3 | E8: 30 | F8: =E8*D8 -> 90
A9: 2 | B9: Luva Proteção de Algodão do tipo térmica , Tamanho: 40 X 18 Cm na cor preta | C9: Unid | D9: 3 | E9: 40.45 | F9: =E9*D9 -> 121.35
A10: 3 | B10: Caixa de touca com 100 unidades do tipo descartavel matrial TNT na cor branca | C10: caixa | D10: 4 | E10: 7.7 | F10: =E10*D10 -> 30.8
A11: Total (12 meses) | F11: =SUM(F8:F10) -> 242.15
A12: Total Mensal | F12: =F11/12 -> 20.179167

Sheet EQUIPAMENTOS - 13ªSR
A6: EQUIPAMENTO OPERACIONAL - Auxiliar de Serviços de Copa - Copeiro
A8: RELAÇÃO EQUIPAMENTO OPERACIONAL | C8: Unidade | D8: Qtd. Anual estimada | E8: Valor Unitário (mediana) | F8: Valor Final
A9: 1 | B9: Cafeteira Elétrica em material de Aço Inoxidável ,Industrial , com capacidade de 6 L, Voltagem: 110V/220 V , com 1 Depósito, Pingadeira, Base, Termostato , Potência: 1.300 - Amortização | C9: Unid | D9: 1 | E9: 903 | F9: =E9*D9 -> 903
A10: VALOR TOTAL ANUAL DOS PRODUTOS | F10: =SUM(F9:F9) -> 903
B12: CALCULO AMORTIZAÇÃO
B14: DESCRIÇÃO | C14: VALOR | D14: OBSERVAÇÃO | H14: Para fins de composição da planilha de custos, adotou-se vida útil de 36 meses para o equipamento (cafeteira industrial), considerando as condições de uso contínuo no ambiente operacional da contratação, bem como a necessidade de equilíbrio entre a estimativa de custos e a realidade de mercado.Ressalta-se que não se adotou a vida útil fiscal prevista em normativos tributários, por não refletir a dinâmica de utilização do equipamento em contratos administrativos,o no sentido de que os parâmetros adotados devem representar a realidade da execução contratual.
B15: Valor unitário da cafeteira | C15: 903 | D15: Mediana da pesquisa (Compras.gov)
B16: Quantidade | C16: 1 | D16: Por posto de trabalho
B17: Valor total do investimento | C17: 903 | E17: Valor unitário × quantidade
B18: Vida útil estimada ( meses) | C18: 60 | D18: Critério técnico (uso contínuo)
B19: Custo mensal amortizado | C19: =(C15*C16)/C18 -> 15.05 | D19: 903,00÷ 60
